[Event "Titled Tuesday Blitz May 24 Late 2022"]
[White "Korchmar, Vasiliy"]
[Black "Ibarra Jerez, Jose Carlos"]
[WhiteFideId "24131750"]
[BlackFideId "2226332"]
[WhiteElo "2370"]
[BlackElo "2626"]
[Result "0-1"]
[Round "11"]
[TimeControl "180+1"]
[Date "2022.05.24"]
[WhiteClock "0:00:20"]
[BlackClock "0:00:28"]

1. e4 Nc6 2. Nc3 Nf6 3. Nf3 d6 4. d4 g6 5. h3 Bg7 6. Bd3 O-O 7. Be3 e5 8. d5 Ne7 9. Ne2 Nexd5 10. exd5 e4 11. Bxe4 Nxe4 12. Bd4 Nf6 13. O-O Re8 14. c4 b5 15. cxb5 a6 16. Nc3 axb5 17. Nxb5 Ba6 18. a4 Bxb5 19. axb5 Rxa1 20. Qxa1 Nxd5 21. Bxg7 Kxg7 22. Rd1 Nf4 23. Qa7 Re4 24. g3 Ne6 25. Kg2 Qf6 26. Qa3 Re2 27. Qc3 Rxb2 28. Qc6 Nc5 29. Qxc7 Ne4 30. Rf1 Rxb5 31. Qc4 Qxf3+ 32. Kxf3 Nd2+ 0-1


[Site "https://www.chess.com"]

[Event "Titled Tuesday Blitz May 24 Late 2022"]
[White "Kosteniuk, Alexandra"]
[Black "Petrovic, Aleksa"]
[WhiteFideId "4128125"]
[BlackFideId "967629"]
[WhiteElo "2469"]
[BlackElo "2144"]
[Result "1-0"]
[Round "11"]
[TimeControl "180+1"]
[Date "2022.05.24"]
[WhiteClock "0:00:04"]
[BlackClock "0:00:02"]

1. e4 e6 2. d4 d5 3. Nc3 Bb4 4. e5 c5 5. a3 Bxc3+ 6. bxc3 Qa5 7. Bd2 Qa4 8. Bd3 Nc6 9. Qg4 Kf8 10. Nf3 c4 11. Be2 Qxc2 12. h4 f6 13. a4 fxe5 14. dxe5 Nh6 15. Qf4+ Qf5 16. Qxf5+ Nxf5 17. g4 Nh6 18. Bxh6 gxh6 19. Kd2 Ke7 20. Ke3 Bd7 21. Bd1 Be8 22. h5 Bf7 23. Bc2 Rag8 24. Kf4 Be8 25. Rag1 Nd8 26. Ke3 Nf7 27. Rg3 Rg7 28. Rhg1 Rhg8 29. Kd4 Nd8 30. Ke3 b6 31. Nd4 Nc6 32. Nxc6+ Bxc6 33. f4 Be8 34. Kf2 Rf8 35. Ke3 Rfg8 36. Kf2 Bf7 37. Bb1 Kd7 38. Bc2 Kc6 39. f5 exf5 40. Bxf5 Kc5 41. Ke3 Be8 42. Bc2 Re7 43. Kf4 Rg5 44. Bf5 Bd7 45. Rf3 Kc6 46. Re1 Rf7 47. e6 Re7 48. exd7 Rxe1 49. d8=Q 1-0


[Site "https://www.chess.com"]

[Event "Titled Tuesday Blitz May 24 Late 2022"]
[White "Kostiukov, Alexandr"]
[Black "Ronka, Erik"]
[WhiteFideId "14108100"]
[BlackFideId "505080"]
[WhiteElo "2202"]
[BlackElo "2264"]
[Result "0-1"]
[Round "11"]
[TimeControl "180+1"]
[Date "2022.05.24"]
[WhiteClock "0:00:48"]
[BlackClock "0:00:19"]

1. g3 d5 2. Bg2 Nf6 3. d3 c6 4. e4 Bg4 5. f3 Bc8 6. e5 Ng8 7. f4 h5 8. Nf3 Bg4 9. h3 Bxf3 10. Qxf3 e6 11. O-O g6 12. c4 Ne7 13. Nc3 Nf5 14. Ne2 Nd7 15. Kh1 Qb6 16. b3 Bc5 17. Rb1 a5 18. a3 Nd4 19. Nxd4 Bxd4 20. Bd2 dxc4 21. bxc4 Qc7 22. h4 Kf8 23. Qe4 Bc5 24. a4 Kg7 25. d4 Be7 26. Bc3 Rab8 27. Rfc1 Bb4 28. Ba1 Rhc8 29. d5 Qd8 30. dxe6 fxe6 31. Rd1 Qe7 32. Rd3 Nc5 33. Qe3 Nxd3 34. Qxd3 Rd8 35. Qe4 Rd2 36. Rf1 Rbd8 37. Qb1 Qc5 38. Rc1 Qe3 39. Kh2 Rxg2+ 40. Kxg2 Rd2+ 41. Kh3 Qf3 0-1


[Site "https://www.chess.com"]

[Event "Titled Tuesday Blitz May 24 Late 2022"]
[White "Krstulovic, Alex"]
[Black "Taboas Rodriguez, Daniel"]
[WhiteFideId "760056"]
[BlackFideId "2208466"]
[WhiteElo "2193"]
[BlackElo "2429"]
[Result "0-1"]
[Round "11"]
[TimeControl "180+1"]
[Date "2022.05.24"]
[WhiteClock "0:00:01"]
[BlackClock "0:00:03"]

1. e4 e6 2. d4 d5 3. e5 c5 4. c3 Nc6 5. Nf3 Nh6 6. Bxh6 gxh6 7. Qd2 Bg7 8. Be2 O-O 9. O-O cxd4 10. cxd4 f6 11. exf6 Qxf6 12. Rd1 Bd7 13. Nc3 Be8 14. Nb5 Bh5 15. Qe3 Rae8 16. Rac1 Re7 17. Ne5 Bxe2 18. Qxe2 Nxd4 19. Nxd4 Qxe5 20. Qg4 Qf6 21. Rc2 a6 22. Re2 e5 23. Nf3 e4 24. Nd4 Ref7 25. h4 Qf4 26. Qh3 Bxd4 27. Rxd4 Rf5 28. Rd1 Kh8 29. Rc2 Rg8 30. Kh1 Rf7 31. Qc3+ Qf6 32. Qh3 Rfg7 33. Rxd5 Rxg2 34. Qxg2 Rxg2 35. Kxg2 Qf3+ 36. Kf1 e3 37. Rd8+ Kg7 38. Rd7+ Kg6 39. Rd6+ Kh5 40. Rc5+ Kxh4 41. Rxh6+ Kg4 42. Rc4+ Kg5 43. Rh2 Qd1+ 44. Kg2 Qd5+ 45. Kg3 Qxc4 46. f4+ Qxf4+ 0-1


[Site "https://www.chess.com"]

[Event "Titled Tuesday Blitz May 24 Late 2022"]
[White "Larino Nieto, David"]
[Black "Zamorano, Jorge"]
[WhiteFideId "2256444"]
[BlackFideId "173770"]
[WhiteElo "2532"]
[BlackElo "2331"]
[Result "1-0"]
[Round "11"]
[TimeControl "180+1"]
[Date "2022.05.24"]
[WhiteClock "0:00:08"]
[BlackClock "0:00:02"]

1. e4 c5 2. Nc3 Nc6 3. g3 g6 4. Bg2 Bg7 5. d3 d6 6. f4 Nf6 7. h3 O-O 8. Nf3 Rb8 9. O-O b5 10. g4 b4 11. Ne2 a5 12. Ng3 a4 13. a3 b3 14. c3 Ba6 15. g5 Nd7 16. h4 e6 17. h5 Ne7 18. Bh3 d5 19. e5 Nf5 20. Bxf5 exf5 21. h6 Bh8 22. Be3 Re8 23. Qd2 d4 24. cxd4 cxd4 25. Bxd4 Nf8 26. Bc3 Ne6 27. Rf2 Qd5 28. d4 Red8 29. Kh2 Rbc8 30. Rd1 Bb7 31. Nf1 Rd7 32. Kg3 Rcd8 33. Re1 Qb5 34. Qe2 Qc6 35. Ne3 Qe4 36. Nd2 Qc6 37. d5 Rxd5 38. Nxd5 Rxd5 39. Qc4 Qd7 40. Nf3 Rd3 41. Ref1 Be4 42. Qb4 Qe8 43. Rd2 Re3 44. Bd4 Rd3 45. Rxd3 Bxd3 46. Rd1 Be4 47. Rc1 Bd5 48. Be3 Be4 49. Nd2 Bd5 50. Qc3 Qa8 51. Qc8+ Nf8 52. Qxa8 1-0


[Site "https://www.chess.com"]

[Event "Titled Tuesday Blitz May 24 Late 2022"]
[White "Lehtosaari, Mauri"]
[Black "Medeiros Jr, Francisco De Assis"]
[WhiteFideId "501999"]
[BlackFideId "2114267"]
[WhiteElo "2449"]
[BlackElo "2003"]
[Result "0-1"]
[Round "11"]
[TimeControl "180+1"]
[Date "2022.05.25"]
[WhiteClock "0:01:25"]
[BlackClock "0:00:22"]

1. d4 d5 2. Nf3 Nf6 3. Bg5 Qd6 4. c3 Ne4 5. Bh4 Qh6 6. e3 g5 7. Bg3 Nxg3 8. fxg3 g4 9. Ne5 Qxe3+ 10. Be2 Bf5 11. Qd2 Qxd2+ 12. Nxd2 h5 13. O-O e6 14. Rae1 Be7 15. Nb3 O-O 16. Bd3 Bxd3 17. Nxd3 Bd6 18. Nf4 Bxf4 19. Rxf4 Nd7 20. Nc1 Kg7 21. Nd3 Rae8 22. Ne5 Nxe5 23. Rxe5 Kg6 24. h3 f6 25. Re1 f5 26. Rf2 a5 27. Rfe2 Kf6 28. a3 b5 29. Kf2 Re7 30. Ke3 Rb8 31. Kd3 b4 32. axb4 axb4 33. c4 c6 34. Ra1 gxh3 35. gxh3 Rg8 36. Re3 Reg7 37. Rg1 f4 38. Rf3 Rxg3 39. Rf1 Kf5 40. cxd5 cxd5 41. Ke2 Rxf3 42. Rxf3 Rg2+ 43. Kf1 Rxb2 44. Rd3 Ke4 45. Rd1 b3 46. Re1+ Kf3 47. Kg1 Rc2 48. h4 b2 49. Rf1+ Kg3 50. Re1 f3 51. Rf1 Rg2+ 52. Kh1 Rh2+ 53. Kg1 f2+ 54. Rxf2 Rxf2 55. Kh1 Rc2 56. Kg1 Kxh4 57. Kf1 Kg4 58. Ke1 Kf4 59. Kd1 Rh2 60. Ke1 Ke4 61. Kf1 Kxd4 62. Kg1 Rc2 63. Kf1 Kc3 64. Ke1 d4 65. Kd1 e5 66. Ke1 e4 67. Kf1 h4 68. Kg1 h3 0-1


[Site "https://www.chess.com"]

[Event "Titled Tuesday Blitz May 24 Late 2022"]
[White "Levine, David"]
[Black "Halak, Miklos"]
[WhiteFideId "2011611"]
[BlackFideId "726400"]
[WhiteElo "2147"]
[BlackElo "2197"]
[Result "0-1"]
[Round "11"]
[TimeControl "180+1"]
[Date "2022.05.25"]
[WhiteClock "0:02:24"]
[BlackClock "0:02:56"]

1. d4 Nf6 2. c4 c5 3. d5 e6 4. Nc3 exd5 5. cxd5 d6 6. Nf3 g6 7. e4 Bg7 8. Be2 O-O 9. O-O Na6 10. Bf4 Nc7 11. h3 a6 12. a4 Rb8 13. a5 b5 14. axb6 Rxb6 15. Qc2 Rb4 16. Nd2 Nfxd5 17. Nc4 Nxf4 0-1


[Site "https://www.chess.com"]

[Event "Titled Tuesday Blitz May 24 Late 2022"]
[White "Livaic, Leon"]
[Black "Wachinger, Nikolas"]
[WhiteFideId "14531534"]
[BlackFideId "12962791"]
[WhiteElo "2540"]
[BlackElo "2227"]
[Result "1-0"]
[Round "11"]
[TimeControl "180+1"]
[Date "2022.05.24"]
[WhiteClock "0:00:21"]
[BlackClock "0:00:04"]

1. e4 c5 2. Nf3 Nc6 3. d4 cxd4 4. Nxd4 Nf6 5. Nc3 e5 6. Ndb5 d6 7. Bg5 a6 8. Na3 b5 9. Nd5 Be7 10. Bxf6 Bxf6 11. c3 Ne7 12. Nxf6+ gxf6 13. Nc2 Bb7 14. Bd3 d5 15. Qe2 f5 16. exd5 e4 17. Bxb5+ axb5 18. Qxb5+ Qd7 19. Qxd7+ Kxd7 20. c4 Rhc8 21. b3 Nxd5 22. Nd4 Ne7 23. Ke2 Ke8 24. Rhd1 f4 25. g3 f3+ 26. Ke3 Rd8 27. Nb5 Bc6 28. Nc7+ Kf8 29. Nxa8 Rxa8 30. a4 Rb8 31. Rab1 Nf5+ 32. Kf4 Ng7 33. b4 Bxa4 34. Rd2 Bc6 35. b5 Ne6+ 36. Ke3 Nc5 37. bxc6 Rxb1 38. Rd8+ Ke7 39. c7 Rb3+ 40. Kd2 e3+ 41. Kc2 e2 42. c8=Q Rc3+ 43. Kb2 Rb3+ 44. Ka2 e1=Q 45. Re8+ Kf6 46. Rxe1 1-0


[Site "https://www.chess.com"]

[Event "Titled Tuesday Blitz May 24 Late 2022"]
[White "Lopez Idarraga, Daniel Eduardo"]
[Black "Golubev, Mikhail"]
[WhiteFideId "4405501"]
[BlackFideId "14100983"]
[WhiteElo "2059"]
[BlackElo "2374"]
[Result "0-1"]
[Round "11"]
[TimeControl "180+1"]
[Date "2022.05.25"]
[WhiteClock "0:01:54"]
[BlackClock "0:01:13"]

1. d4 Nf6 2. Nf3 d6 3. Nc3 g6 4. e4 Bg7 5. h3 O-O 6. Be3 Nbd7 7. e5 Ne8 8. Bc4 Nb6 9. Bb3 c6 10. Qd2 dxe5 11. Nxe5 Nf6 12. O-O-O a5 13. a3 a4 14. Ba2 Nbd5 15. Nxd5 cxd5 16. Bh6 Ne4 17. Qe3 Bxh6 18. Qxh6 Nxf2 19. h4 Nxh1 20. h5 Ng3 21. hxg6 fxg6 22. Nxg6 Rf7 23. Ne5 Rg7 24. c4 Bf5 25. c5 e6 0-1


[Site "https://www.chess.com"]

[Event "Titled Tuesday Blitz May 24 Late 2022"]
[White "Martinez Alcantara, Jose Eduardo"]
[Black "Demchenko, Anton"]
[WhiteFideId "3805662"]
[BlackFideId "4160258"]
[WhiteElo "2690"]
[BlackElo "2539"]
[Result "1/2-1/2"]
[Round "11"]
[TimeControl "180+1"]
[Date "2022.05.24"]
[WhiteClock "0:00:01"]
[BlackClock "0:00:05"]

1. e4 e5 2. Nf3 Nc6 3. Bb5 a6 4. Ba4 Nge7 5. d3 d6 6. c3 Bd7 7. Nbd2 g6 8. h4 h6 9. Nf1 Bg7 10. Ng3 Bg4 11. Bb3 Qd7 12. Nf1 Be6 13. Bxe6 Qxe6 14. Qb3 Qxb3 15. axb3 f5 16. Ng3 O-O 17. Bd2 a5 18. Kd1 b6 19. Kc2 Rad8 20. Rae1 Rf7 21. Re2 f4 22. Nf1 Ra8 23. N1h2 Rff8 24. Ree1 a4 25. bxa4 Rxa4 26. Rhg1 b5 27. g3 fxg3 28. fxg3 Raa8 29. Rgf1 Nd8 30. Ra1 Ne6 31. Rxa8 Rxa8 32. Ng4 h5 33. Ngh2 c5 34. Be3 Nc6 35. Rg1 b4 36. g4 Kf7 37. Rf1 Kg8 38. Rg1 Kf7 39. Rf1 Kg8 40. Bc1 bxc3 41. bxc3 c4 42. dxc4 Nc5 43. gxh5 gxh5 44. Nd2 Bh6 45. Nhf3 Rf8 46. Nb3 Bxc1 47. Nxc5 dxc5 48. Kxc1 Rf4 49. Rg1+ Kf8 50. Ng5 Rxh4 51. Ne6+ Ke7 52. Nxc5 Rh3 53. Kc2 Rh2+ 54. Kb3 h4 55. Rg6 Nd8 56. Nd3 Nf7 57. c5 h3 58. c6 Rd2 59. Nc5 h2 60. c7 h1=Q 61. Re6+ Kf8 62. c8=Q+ Kg7 63. Ra6 Qb1+ 64. Kc4 Qf1+ 65. Kb3 Qd1+ 66. Kc4 Qe2+ 67. Kb4 Rb2+ 68. Nb3 Qxe4+ 69. Qc4 Qxc4+ 70. Kxc4 Rh2 71. Nc5 Rh4+ 72. Kd5 Rh1 73. Ra7 Kg6 74. Ra6+ Kf5 75. Ra7 Ng5 76. Ra8 Rd1+ 77. Kc4 e4 78. Rf8+ Kg4 79. Nb3 e3 80. Nd4 Ne4 81. Rg8+ Kf4 82. Rf8+ Kg4 83. Rg8+ Kf4 84. Rf8+ Kg4 1/2-1/2


[Site "https://www.chess.com"]

[Event "Titled Tuesday Blitz May 24 Late 2022"]
[White "Matinian, Nikita"]
[Black "Shimanov, Aleksandr"]
[WhiteFideId "24129100"]
[BlackFideId "4198603"]
[WhiteElo "2422"]
[BlackElo "2605"]
[Result "1-0"]
[Round "11"]
[TimeControl "180+1"]
[Date "2022.05.24"]
[WhiteClock "0:00:05"]
[BlackClock "0:00:18"]

1. e4 e6 2. d4 d5 3. Nc3 Bb4 4. Ne2 b6 5. a3 Be7 6. e5 h5 7. Nf4 h4 8. Qg4 g6 9. Bb5+ c6 10. Bd3 Nh6 11. Qh3 Kd7 12. Nfxd5 cxd5 13. Nxd5 Bb7 14. Bb5+ Bc6 15. a4 Nf5 16. Nxe7 Qxe7 17. O-O Kc7 18. c4 Nxd4 19. Be3 Nf5 20. Rad1 a6 21. Bxc6 Nxc6 22. c5 bxc5 23. Rc1 Ncd4 24. Bxd4 Nxd4 25. Qe3 Rad8 26. b4 Rd5 27. Rxc5+ Rxc5 28. Qxd4 Rd8 29. Qxc5+ Qxc5 30. bxc5 Kc6 31. g3 h3 32. Rb1 Kxc5 33. Kf1 Rd7 34. Ke2 Rd5 35. Rc1+ Kb4 36. f4 Rd7 37. Ra1 a5 38. Kf3 Rd2 39. g4 Rxh2 40. Kg3 Rc2 41. Kxh3 Rc4 42. Kg3 Kb3 43. Rb1+ Kxa4 44. Rb7 Ka3 45. Rxf7 a4 46. Re7 Rc6 47. Kh4 Kb4 48. Rb7+ Kc4 49. Ra7 Kb5 50. Kg5 Ra6 51. Rb7+ Kc4 52. Rb1 Kd4 53. Kxg6 Ke4 54. Kg5 a3 55. Re1+ Kd4 56. f5 a2 57. fxe6 a1=Q 58. Rxa1 Rxa1 59. e7 Ra8 60. Kf6 Kd5 61. g5 Ra6+ 62. Kf7 Ra7 63. g6 Kxe5 64. g7 Kd6 65. g8=Q Rxe7+ 66. Kf6 Rd7 67. Qg3+ Kc6 68. Ke6 Rd8 69. Qc3+ Kb7 70. Qb4+ Kc6 71. Qc4+ Kb6 72. Ke7 Rb8 73. Kd7 Rb7+ 74. Kd6 Ka7 75. Qa4+ Kb8 76. Qe8+ Ka7 77. Kc6 Rb6+ 78. Kc5 Rb7 79. Qa4+ Kb8 80. Qa5 Rc7+ 81. Kd6 Ra7 82. Qd8+ Kb7 83. Qd7+ Ka6 84. Qc6+ Ka5 85. Kc5 Rc7 86. Qxc7+ Ka4 87. Qb8 Ka3 88. Kc4 Ka2 89. Kc3 Ka1 90. Qb2# 1-0


[Site "https://www.chess.com"]

[Event "Titled Tuesday Blitz May 24 Late 2022"]
[White "Mekhitarian, Krikor Sevag"]
[Black "Shirov, Alexei"]
[WhiteFideId "2107660"]
[BlackFideId "2209390"]
[WhiteElo "2598"]
[BlackElo "2678"]
[Result "1/2-1/2"]
[Round "11"]
[TimeControl "180+1"]
[Date "2022.05.24"]
[WhiteClock "0:00:04"]
[BlackClock "0:00:04"]

1. d4 d5 2. Nf3 Nf6 3. g3 c5 4. Bg2 cxd4 5. O-O h6 6. b3 Nc6 7. Nxd4 e5 8. Nxc6 bxc6 9. c4 Be6 10. Bb2 Bd6 11. cxd5 cxd5 12. Nc3 Qa5 13. a3 Rd8 14. b4 Qa6 15. Nxd5 Bxd5 16. Bxd5 Bb8 17. e4 Nxe4 18. Qf3 Ng5 19. Qb3 O-O 20. h4 Ne6 21. b5 Qb6 22. Bxe6 fxe6 23. Rad1 Rxd1 24. Qxd1 Qxb5 25. Qd2 Rf3 26. Re1 Rb3 27. Bc3 Qc5 28. Bb4 Qd5 29. Rd1 Qxd2 30. Rxd2 Bc7 31. Kg2 a5 32. Bd6 Bxd6 33. Rxd6 Kf7 34. a4 Rb4 35. Rd7+ Kf6 36. Ra7 Rxa4 37. Kf3 Ra2 38. Ke3 a4 39. f3 h5 40. g4 hxg4 41. fxg4 Ra3+ 42. Ke4 Rh3 43. g5+ Kg6 44. Kxe5 Rxh4 45. Kxe6 Re4+ 46. Kd5 Rg4 47. Ke6 Rxg5 48. Rxa4 Kh5 49. Ra1 Rb5 50. Rh1+ Kg6 51. Rg1+ Kh6 52. Rh1+ Rh5 53. Rf1 Ra5 54. Rh1+ Kg6 55. Rg1+ Kh7 56. Rh1+ Kg8 57. Rg1 Kh7 58. Rh1+ Kg6 59. Rg1+ Kh6 60. Rh1+ Kg6 1/2-1/2


[Site "https://www.chess.com"]

[Event "Titled Tuesday Blitz May 24 Late 2022"]
[White "Meunier-Pion, Jean"]
[Black "Richter, Nils"]
[WhiteFideId "20685327"]
[BlackFideId "12990809"]
[WhiteElo "2124"]
[BlackElo "2243"]
[Result "1-0"]
[Round "11"]
[TimeControl "180+1"]
[Date "2022.05.24"]
[WhiteClock "0:00:14"]
[BlackClock "0:00:08"]

1. e4 c5 2. Nf3 Nc6 3. Bb5 g6 4. O-O Bg7 5. Re1 Nf6 6. e5 Nd5 7. Nc3 Nxc3 8. dxc3 O-O 9. Bf4 Qb6 10. c4 a6 11. Bxc6 Qxc6 12. Qd5 b5 13. Qxc6 dxc6 14. Be3 bxc4 15. Bxc5 Re8 16. Nd4 Bd7 17. b3 cxb3 18. axb3 Bf5 19. c3 f6 20. Nxc6 fxe5 21. Nxe7+ Kf7 22. Nxf5 gxf5 23. Red1 Rec8 24. Rd7+ Kg6 25. b4 a5 26. Rad1 axb4 27. cxb4 Rc6 28. h4 Bf6 29. g3 e4 30. R1d6 Rxd6 31. Rxd6 Kf7 32. Rd7+ Kg6 33. Kg2 Ra1 34. Rd6 Rb1 35. Bd4 Rxb4 36. Rxf6+ Kg7 37. Rd6+ Kf7 38. Be3 Rb5 39. Ra6 Kg7 40. h5 f4 41. h6+ Kf7 42. Bxf4 Rf5 43. Ra7+ Kg6 44. Rg7+ Kh5 45. g4+ Kh4 46. Bg3# 1-0


[Site "https://www.chess.com"]

[Event "Titled Tuesday Blitz May 24 Late 2022"]
[White "Mickiewicz, Piotr"]
[Black "Nazaretyan, Tigran"]
[WhiteFideId "1114891"]
[BlackFideId "24162345"]
[WhiteElo "2223"]
[BlackElo "2225"]
[Result "0-1"]
[Round "11"]
[TimeControl "180+1"]
[Date "2022.05.25"]
[WhiteClock "0:00:01"]
[BlackClock "0:00:04"]

1. e4 c5 2. Nf3 Nc6 3. d4 cxd4 4. Nxd4 Nf6 5. Nc3 d6 6. Bg5 e6 7. Qd2 a6 8. O-O-O Bd7 9. f4 h6 10. Bh4 g5 11. fxg5 Ng4 12. Be2 Nge5 13. Nf3 Be7 14. Kb1 hxg5 15. Bg3 f6 16. Nd4 Nxd4 17. Qxd4 Qc7 18. Rhf1 O-O-O 19. h3 Nc6 20. Qg1 Ne5 21. Bf2 Rdg8 22. Bb6 Qb8 23. a4 Bc6 24. Qe3 g4 25. hxg4 Nxg4 26. Qf4 Ne5 27. g3 Rg7 28. Rh1 Rhg8 29. Rh3 Nd7 30. Bf2 Nc5 31. a5 Na4 32. Na2 Qc7 33. Nb4 Bd7 34. Be1 e5 35. Qf1 Bxh3 36. Qxh3+ Kb8 37. Nd5 Qc8 38. Qh5 Bd8 39. Qf3 Nc5 40. b4 Ne6 41. c3 Ng5 42. Qd3 Rf7 43. Bf2 f5 44. b5 Nxe4 45. Be1 Nc5 46. Qc2 Bxa5 47. bxa6 bxa6 48. Ka2 Ka7 49. Rb1 Rb7 50. Nb4 Qe6+ 51. Ka3 Bxb4+ 52. cxb4 Rgb8 53. Bf2 Ka8 54. Bc4 d5 55. Be2 Ne4 56. Be1 d4 57. Qd3 Nc3 58. Bf3 e4 59. Qxd4 exf3 60. Bxc3 Qb6 61. Qd3 f2 62. Qxf5 Qb5 63. Qf6 a5 64. Bd4 axb4+ 65. Kb2 Qe2+ 66. Ka1 Ra7+ 67. Bxa7 Kxa7 68. Qf7+ Rb7 69. Rb2 Qe1+ 70. Ka2 f1=Q 71. Re2 Qfxe2+ 0-1


[Site "https://www.chess.com"]

[Event "Titled Tuesday Blitz May 24 Late 2022"]
[White "Mikhalsky, Vladimir"]
[Black "O`Gorman, Tom"]
[WhiteFideId "14144352"]
[BlackFideId "2508249"]
[WhiteElo "2301"]
[BlackElo "2247"]
[Result "0-1"]
[Round "11"]
[TimeControl "180+1"]
[Date "2022.05.24"]
[WhiteClock "0:00:23"]
[BlackClock "0:00:55"]

1. d4 Nf6 2. c4 g6 3. f3 Bg7 4. e4 O-O 5. Nc3 d6 6. Be3 c5 7. Nge2 Nc6 8. d5 Ne5 9. Ng3 e6 10. Qd2 h5 11. Be2 exd5 12. cxd5 a6 13. a4 h4 14. Nf1 h3 15. g4 Bd7 16. Ng3 b5 17. g5 Ne8 18. f4 b4 19. Nd1 Ng4 20. Bxg4 Bxg4 21. O-O c4 22. Nf2 Bd7 23. f5 c3 24. bxc3 Bxc3 25. Qe2 Nc7 26. Nxh3 Qe7 27. Qg4 Nxd5 28. Bf2 Bc6 29. exd5 Bxd5 30. Rad1 Bb7 31. Bd4 Rac8 32. Qh4 Bxd4+ 33. Qxd4 Rc2 34. Nf4 b3 35. Qxd6 Qe3+ 36. Rf2 Qxf2# 0-1


[Site "https://www.chess.com"]

[Event "Titled Tuesday Blitz May 24 Late 2022"]
[White "Miszler, Levente"]
[Black "Burke, Paul"]
[WhiteFideId "763276"]
[BlackFideId "2605767"]
[WhiteElo "1966"]
[BlackElo "1887"]
[Result "1/2-1/2"]
[Round "11"]
[TimeControl "180+1"]
[Date "2022.05.25"]
[WhiteClock "0:01:33"]
[BlackClock "0:01:04"]

1. Nf3 a6 2. d4 d6 3. e4 g6 4. Bd3 Nd7 5. c4 Bg7 6. Nc3 h6 7. Be3 e6 8. Qd2 Ne7 9. h4 b6 10. O-O-O Bb7 11. g4 Nf6 12. g5 hxg5 13. hxg5 Nh5 14. Ne2 Qd7 15. Nf4 Nxf4 16. Bxf4 O-O-O 17. Qe3 Rxh1 18. Rxh1 Rh8 19. Rxh8+ Bxh8 20. Bg3 e5 21. dxe5 dxe5 22. Bxe5 Bxe5 23. Nxe5 Qe6 24. Qf4 Nc6 25. Nxf7 Nb4 26. Bb1 Qxc4+ 27. Kd2 Qd4+ 28. Kc1 Qc4+ 29. Kd2 Qd4+ 30. Kc1 Qc4+ 1/2-1/2


[Site "https://www.chess.com"]

[Event "Titled Tuesday Blitz May 24 Late 2022"]
[White "Motylev, Alexander"]
[Black "Andreikin, Dmitry"]
[WhiteFideId "4121830"]
[BlackFideId "4158814"]
[WhiteElo "2470"]
[BlackElo "2736"]
[Result "0-1"]
[Round "11"]
[TimeControl "180+1"]
[Date "2022.05.24"]
[WhiteClock "0:00:02"]
[BlackClock "0:00:10"]

1. e4 c5 2. Nf3 Nc6 3. Bb5 b6 4. c3 Nf6 5. Qe2 a6 6. Bxc6 dxc6 7. d4 a5 8. dxc5 Ba6 9. c4 e6 10. cxb6 Bb4+ 11. Bd2 Qxb6 12. O-O O-O 13. Bg5 Nd7 14. Rd1 Nc5 15. Nbd2 a4 16. Be3 Rfd8 17. a3 Ba5 18. Rab1 Qa7 19. Ne5 Rac8 20. Nxf7 Qxf7 21. Bxc5 e5 22. Bb4 Bb6 23. Rbc1 Bd4 24. Nf3 c5 25. Ba5 Rf8 26. Nxd4 cxd4 27. f3 Bxc4 28. Qd2 h6 29. Bb4 Rfe8 30. Rc2 Rc6 31. Rdc1 Rec8 32. Qf2 Qf4 33. Bd2 Qf6 34. h3 Kh7 35. Bb4 d3 36. Rc3 Qf4 37. Rd1 Bb5 38. Rxc6 Rxc6 39. Bc3 Bc4 40. Qd2 Qf6 41. Qe3 Qd6 42. Rd2 Bb5 43. Kh2 Rxc3 44. bxc3 Qxa3 45. Qb6 Qxc3 46. Qxb5 Qxd2 47. Qxe5 Qg5 48. Qd6 a3 49. Qxa3 Qe5+ 50. g3 Qd4 51. Qc1 Qf2+ 52. Kh1 Qxf3+ 53. Kh2 Qe2+ 0-1


[Site "https://www.chess.com"]

[Event "Titled Tuesday Blitz May 24 Late 2022"]
[White "Nakamura, Hikaru"]
[Black "Paravyan, David"]
[WhiteFideId "2016192"]
[BlackFideId "4194985"]
[WhiteElo "2850"]
[BlackElo "2569"]
[Result "1-0"]
[Round "11"]
[TimeControl "180+1"]
[Date "2022.05.24"]
[WhiteClock "0:00:36"]
[BlackClock "0:00:01"]

1. Nf3 Nf6 2. b3 c5 3. Bb2 Nc6 4. e3 g6 5. d4 cxd4 6. Nxd4 Nxd4 7. Bxd4 Bg7 8. Be2 O-O 9. O-O b6 10. Bf3 Rb8 11. c4 Bb7 12. Nc3 d6 13. Bxb7 Rxb7 14. Qf3 Rd7 15. e4 Qa8 16. Rad1 Rfd8 17. Rfe1 Ne8 18. Bxg7 Kxg7 19. Nd5 e6 20. Qc3+ Kg8 21. Nf4 Qc6 22. Qe3 b5 23. cxb5 Qxb5 24. Rc1 a5 25. Ne2 Rc7 26. Rxc7 Nxc7 27. Rc1 Na6 28. Nd4 Qb7 29. Nc6 Ra8 30. Nxa5 Qb5 31. Nc4 Rd8 32. Qd4 e5 33. Qd2 Nc5 34. f3 Ne6 35. Ne3 Nf4 36. Kh1 Ra8 37. h3 Kg7 38. Qxd6 Rxa2 39. Ng4 Ne6 40. Qe7 h5 41. Qf6+ Kh7 42. Qxf7+ Ng7 43. Nf6+ Kh6 44. Ng8+ Kh7 45. Ne7 Qb6 46. Qg8+ Kh6 47. h4 1-0


[Site "https://www.chess.com"]

[Event "Titled Tuesday Blitz May 24 Late 2022"]
[White "Nozdrachev, Leonid"]
[Black "Roman, Rodrigo"]
[WhiteFideId "24113433"]
[BlackFideId "3701220"]
[WhiteElo "2255"]
[BlackElo "2001"]
[Result "0-1"]
[Round "11"]
[TimeControl "180+1"]
[Date "2022.05.24"]
[WhiteClock "0:00:01"]
[BlackClock "0:00:18"]

1. e4 c5 2. Bc4 Nc6 3. Nf3 e6 4. a4 d5 5. exd5 exd5 6. Ba2 Be6 7. d4 c4 8. b3 Nf6 9. bxc4 dxc4 10. Nc3 Bb4 11. Bd2 Qa5 12. Nb5 O-O-O 13. O-O a6 14. Na3 Bxd2 15. Qxd2 Qxd2 16. Nxd2 Rxd4 17. Ndxc4 Kc7 18. Ne3 Bxa2 19. Rxa2 g6 20. Nac4 Ne4 21. Rb2 f5 22. Rfb1 Rb8 23. Nb6 Nc3 24. Ra1 f4 25. Ng4 h5 26. Nf6 Rbd8 27. h4 Nb4 28. a5 f3 29. gxf3 Rxh4 30. Rb3 Ne2+ 31. Kg2 Nf4+ 32. Kg3 g5 33. Nxh5 Nxh5+ 34. Kg2 Nf4+ 35. Kg3 Nc6 36. Rc3 Kb8 37. Re1 Nh5+ 38. Kg2 Rhd4 39. Re4 Nf4+ 40. Kg3 Rxe4 0-1


[Site "https://www.chess.com"]

[Event "Titled Tuesday Blitz May 24 Late 2022"]
[White "Oparin, Grigoriy"]
[Black "Ivanisevic, Ivan"]
[WhiteFideId "24125890"]
[BlackFideId "912417"]
[WhiteElo "2665"]
[BlackElo "2495"]
[Result "1/2-1/2"]
[Round "11"]
[TimeControl "180+1"]
[Date "2022.05.24"]
[WhiteClock "0:00:14"]
[BlackClock "0:00:02"]

1. g3 e5 2. c4 Nc6 3. Bg2 f5 4. Nc3 Nf6 5. e3 e4 6. d3 Bb4 7. Ne2 d5 8. cxd5 Qxd5 9. Nf4 Qd6 10. O-O Bxc3 11. bxc3 Ne5 12. d4 Ng6 13. c4 Nxf4 14. gxf4 Bd7 15. Bb2 g5 16. d5 gxf4 17. exf4 Rg8 18. Kh1 O-O-O 19. c5 Qf8 20. c6 Bxc6 21. Qd4 Nxd5 22. Qxa7 Nb6 23. Qa5 Rxg2 24. Kxg2 e3+ 25. f3 Rd2+ 26. Kh1 Rxb2 27. Qc3 Na4 28. Qxe3 Qh6 29. Qg1 b6 30. Rac1 Kb7 31. Qg3 Nc5 32. Rcd1 Ne4 33. fxe4 Bxe4+ 34. Kg1 Rg2+ 35. Qxg2 Bxg2 36. Kxg2 Qc6+ 37. Kg3 Qc2 38. Rd5 Qe2 39. Rf3 Qe1+ 40. Kg2 Qe2+ 41. Kg3 Qe6 42. Re5 Qg8+ 43. Kf2 Qxa2+ 44. Kg3 Qg8+ 45. Kf2 Qg4 46. h3 Qh4+ 47. Kg2 Qf6 48. Rd3 Qc6+ 49. Kg3 Qg6+ 50. Kf2 Qf7 51. Rdd5 c6 52. Rd6 b5 53. Rde6 Kb6 54. Re7 Qa2+ 55. Kg3 Qb3+ 56. Kh4 Qf3 57. Rxf5 b4 58. Re8 b3 59. Rb8+ Kc7 60. Rff8 Qf2+ 61. Kg5 b2 62. Rfc8+ Kd6 63. Rd8+ Kc5 64. Rd1 Qg3+ 65. Kf5 Qxh3+ 66. Kf6 Qc3+ 67. Kf7 Qc2 68. Rg1 Qf5+ 69. Kg8 Qe6+ 70. Kh8 Qf6+ 71. Kg8 Qxf4 72. Rxb2 Qc4+ 73. Kf8 Qf4+ 74. Kg8 Qc4+ 75. Kf8 Qf4+ 76. Kg8 1/2-1/2


[Site "https://www.chess.com"]

[Event "Titled Tuesday Blitz May 24 Late 2022"]
[White "Peralta, Eduardo"]
[Black "Janaszak, Dawid"]
[WhiteFideId "3700062"]
[BlackFideId "1119206"]
[WhiteElo "2125"]
[BlackElo "2199"]
[Result "1/2-1/2"]
[Round "11"]
[TimeControl "180+1"]
[Date "2022.05.24"]
[WhiteClock "0:01:11"]
[BlackClock "0:01:42"]

1. Nf3 c5 2. g3 g6 3. Bg2 Bg7 4. O-O Nc6 5. c4 Nf6 6. Nc3 e5 7. d3 d6 8. a3 O-O 9. Rb1 a5 10. Bg5 h6 11. Bxf6 Bxf6 12. Nd5 Bg7 13. b4 axb4 14. axb4 cxb4 15. Nd2 Bg4 16. h3 Be6 17. Nxb4 Qd7 18. Kh2 Kh7 19. Nd5 Ra2 20. Nc3 Ra7 21. Nb5 Ra2 22. Nc3 Ra7 23. Qb3 Nd4 24. Qd1 f5 25. e3 Nc6 26. Qb3 f4 27. Nb5 Ra5 28. Nc3 Ra7 29. Nb5 Ra5 30. Nc3 Ra7 1/2-1/2


[Site "https://www.chess.com"]